 Dungeon Crawl Stone Soup version 0.26.0-10-g1f06aea511 (webtiles) character file.

Game seed: 16209023014389701093

28698 Dirian the Severer (level 13, 0/116 HPs)
             Began as a Hill Orc Fighter on Jan 17, 2021.
             Was a High Priest of Beogh.
             Incinerated by a smoke demon (4 damage)
             ... with a sticky flame
             ... on level 2 of the Abyss.
             The game lasted 00:27:51 (15006 turns).

Dirian the Severer (Hill Orc Fighter)              Turns: 15006, Time: 00:27:51

Health: 0/116      AC: 24    Str: 24    XL:     13   Next: 40%
Magic:  13/13      EV: 22    Int:  8    God:    Beogh [*****.]
Gold:   861        SH: 14    Dex: 10    Spells: 12/12 levels left

rFire    . . .     SeeInvis .   a - +1 war axe (elec)
rCold    . . .     Faith    .   c - +1 kite shield
rNeg     . . .     Spirit   .   y - +0 plate armour
rPois    +         Reflect  .   L - +0 helmet
rElec    .         Harm     .   h - scarf {repulsion}
rCorr    .         Rampage  .   s - +0 pair of gloves
Will     .....                  i - +0 pair of boots
Stlth    ..........             D - amulet of the acrobat
HPRegen  0.29/turn              j - +4 ring of protection
MPRegen  0.13/turn              K - ring of poison resistance

@: liquid flames, acrobat, glowing, repel missiles
A: walk on water, [screaming 2], [subdued magic 1]
a: Renounce Religion, Smiting, Recall Orcish Followers, Give Item to Named
Follower


You were on level 2 of the Abyss.
You worshipped Beogh.
Beogh was extremely pleased with you.
You visited 2 branches of the dungeon, and saw 13 of its levels.
You visited the Abyss 1 time.

You collected 861 gold pieces.

Inventory:

Hand Weapons
 a - a +1 war axe of electrocution (weapon)
 b - a +4 scimitar of flaming
 N - a +0 war axe
Armour
 c - a +1 kite shield (worn)
 h - a scarf of repulsion (worn)
 i - a +0 pair of boots (worn)
 l - a +0 helmet
 s - a +0 pair of gloves (worn)
 y - a +0 plate armour (worn)
 G - a +0 tower shield
 H - a scarf of resistance
 L - a +0 helmet (worn)
Jewellery
 j - a +4 ring of protection (left hand)
 t - an uncursed ring of protection from cold
 A - an uncursed ring of wizardry {unknown}
 B - an uncursed ring of flight
 D - an amulet of the acrobat (around neck)
 E - an uncursed ring of fire
 F - an uncursed ring of see invisible
 K - a ring of poison resistance (right hand)
Wands
 o - a wand of iceblast (9)
 p - a wand of acid (29)
 v - a wand of digging (3)
Scrolls
 f - 4 scrolls of immolation
 r - 7 scrolls of identify
 u - 4 scrolls of magic mapping
 x - 4 scrolls of remove curse
 I - 3 scrolls of enchant armour
Potions
 d - a potion of might
 e - a potion of magic
 k - 3 potions of attraction
 m - a potion of mutation
 n - a potion of resistance
 q - 6 potions of curing
 w - 3 potions of heal wounds
 z - a potion of cancellation
 C - a potion of lignification
 J - 8 potions of flight
 M - a potion of ambrosia


   Skills:
 + Level 11.4 Fighting
 * Level 3.8 Long Blades
 + Level 16.6 Axes
 + Level 12.2 Armour
 + Level 11.8 Shields


You had 12 spell levels left.
You didn't know any spells.
Your spell library contained the following spells:

 Spells                   Type           Power        Failure   Level
 Animate Skeleton         Necr           0%           99%         1
 Pain                     Necr           0%           99%         1
 Vampiric Draining        Necr           0%           100%        3
 Animate Dead             Necr           0%           100%        4
 Agony                    Necr           0%           100%        5
 Irradiate                Conj/Tmut      0%           100%        5
 Hydra Form               Tmut           0%           100%        6
 Statue Form              Tmut/Erth      0%           100%        6
 Dragon Form              Tmut           0%           100%        7


Dungeon Overview and Level Annotations

Branches:
Dungeon (12/15)            Temple (0/1) D:6            Lair (1/6) D:8
    Orc (0/2) D:11

Altars:
Ashenzari
Cheibriados
Dithmenos
Elyvilon
Fedhas
Hepliaklqana
Makhleb
Nemelex Xobeh
Okawaru
Trog
Vehumet
Wu Jian
Xom
The Shining One

Annotations:
Lair:1 Sonja


Innate Abilities, Weirdness & Mutations

You can walk on water.
[You sometimes yell uncontrollably at your foes.]
[Your spells are a little easier to cast, but a little less powerful.]


Message History

* * * LOW HITPOINT WARNING * * *
The thrashing horror roars!
The raiju bursts into living lightning!
The living lightning misses you.
The raiju blinks!
You are covered in liquid flames!
* * * LOW HITPOINT WARNING * * *
The smoke demon gestures at you.
The ball of steam hits you but does no damage.
The raiju bursts into living lightning!
The living lightning hits you!
* * * LOW HITPOINT WARNING * * *
The living lightning hits you.
* * * LOW HITPOINT WARNING * * *
The raiju blinks!
Your plate armour prevents you from hitting the thrashing horror.
You slash the smoke demon! You barely miss the raiju.
You are engulfed in a cloud of scalding steam.
* * * LOW HITPOINT WARNING * * *
You are covered in liquid flames!
You die...

.
.#.#.###.##...#
. .
#.#.#.†#.... #.
. #.#.#...h#
.####...## .
..#..##...# # .
#.....#.# # .
###...##...
###..3h#.# #.#
#h...@##..
#..#X## ....
#..#. #... #.
.. ##. # .## #.
. ..


You could see a thrashing horror, a smoke demon and 3 raiju.

Vanquished Creatures
  2 hydras (Lair:1)
  A boulder beetle (D:12)
  Erica (D:12)
  2 two-headed ogres
  A soul eater (Abyss:2)
  A deep elf knight (D:12)
  A wretched star (Abyss:2)
  9 skeletal warriors
  A wizard (D:12)
  An orc knight (D:12)
  Pikel (D:5)
  An ugly thing (D:11)
  2 manticores
  4 cane toads
  An orange demon (Abyss:2)
  2 komodo dragons (D:8)
  A gargoyle (D:10)
  A troll (D:12)
  A hornet (D:12)
  2 slime creatures (D:11)
  10 blink frogs
  6 flying skulls (Abyss:2)
  Sigmund (D:3)
  A wraith (D:12)
  A vampire (D:12)
  8 yaks
  2 basilisks (D:8)
  A wyvern (D:11)
  Grum (D:8)
  Menkaure (D:7)
  A soldier ant (D:11)
  4 sky beasts
  4 orc warriors
  A swamp drake (D:8)
  4 ice beasts
  A phantom (D:4)
  4 ogres
  4 wolves
  4 centaurs
  4 lemures
  A big kobold (D:11)
  6 bullfrogs
  2 wyvern zombies (D:11)
  8 killer bees
  4 wights (D:10)
  2 electric eels (Lair:1)
  A quasit (D:7)
  3 centaur skeletons
  An iron imp (D:6)
  3 jellies
  8 orc wizards
  3 hounds
  2 orc priests
  3 bullfrog skeletons
  Jessica (D:3)
  Ijyb (D:3)
  5 iguanas
  10 worker ants
  2 hound skeletons
  Robin (D:4)
  10 gnolls
  3 adders
  2 white imps
  6 ufetubi
  2 adder zombies
  2 adder skeletons
  2 worms (D:2)
  2 dart slugs
  8 leopard geckos
  24 orcs
  4 ball pythons
  3 giant cockroaches
  16 goblins
  14 hobgoblins
  7 quokkas
  2 ball python skeletons (D:4)
  4 bats
  6 frilled lizards
  A goblin skeleton (D:6)
  A goblin zombie (D:6)
  2 hobgoblin zombies (D:6)
  17 kobolds
  A kobold skeleton (D:6)
  A kobold zombie (D:6)
  An orc skeleton (D:6)
  An orc zombie (D:6)
  2 quokka skeletons
  5 rats
315 creatures vanquished.

Vanquished Creatures (collateral kills)
  A boulder beetle (D:11)
  A skeletal warrior (D:12)
  Joseph (D:8)
  Psyche (D:9)
  A troll (D:10)
  A meliai (D:12)
  A queen bee (D:12)
  8 yaks
  A basilisk (D:8)
  An orc warrior (D:11)
  An ogre (D:9)
  2 bullfrogs
  A scorpion (D:8)
  A killer bee (D:12)
  2 wights (D:10)
  A quasit (D:10)
  2 orc priests
  A hound (D:9)
  8 orcs
  A quokka (D:9)
  A quokka zombie (D:9)
38 creatures vanquished.

Vanquished Creatures (others)
  3 orc knights
  2 orc priests
  2 orc warriors
  4 orc wizards
  19 orcs
  9 plants
39 creatures vanquished.

Grand Total: 392 creatures vanquished

Notes
Turn   | Place    | Note
-------+----------+-------------------------------------------
     0 | D:1      | Dirian the Hill Orc Fighter began the quest for the Orb.
     0 | D:1      | Reached XP level 1. HP: 19/19 MP: 1/1
   188 | D:1      | Reached XP level 2. HP: 27/27 MP: 2/2
   613 | D:1      | Reached skill level 3 in Axes
   625 | D:1      | Reached XP level 3. HP: 32/33 MP: 3/3
  1536 | D:2      | Found a blossoming altar of Fedhas.
  1536 | D:2      | You fall into a shaft and drop 1 floor!
  1555 | D:3      | Noticed Ijyb
  1609 | D:3      | Killed Ijyb
  1610 | D:3      | Reached skill level 4 in Axes
  1610 | D:3      | Reached XP level 4. HP: 37/40 MP: 4/4
  1634 | D:3      | Noticed Sigmund
  1671 | D:3      | Killed Sigmund
  1672 | D:3      | Reached skill level 5 in Axes
  1672 | D:3      | Reached XP level 5. HP: 30/47 MP: 5/5
  1672 | D:3      | Reached XP level 6. HP: 34/53 MP: 6/6
  1894 | D:3      | Found a bloodstained altar of Trog.
  2043 | D:2      | Found a shadowy altar of Dithmenos.
  2048 | D:2      | Found a broken altar of Ashenzari.
  2253 | D:3      | Noticed Jessica
  2262 | D:3      | Killed Jessica
  2690 | D:3      | Found an iron altar of Okawaru.
  2945 | D:4      | Noticed a phantom
  2968 | D:4      | Killed a phantom
  2969 | D:4      | Reached skill level 6 in Axes
  3158 | D:4      | Found a shimmering altar of Xom.
  3227 | D:4      | Became a worshipper of Beogh the Brigand
  3358 | D:4      | Noticed Robin
  3370 | D:4      | Reached XP level 7. HP: 57/60 MP: 7/7
  3373 | D:4      | Killed Robin
  3549 | D:4      | Reached skill level 5 in Fighting
  3744 | D:4      | Reached skill level 5 in Shields
  3750 | D:4      | Reached skill level 7 in Axes
  3750 | D:4      | Reached skill level 5 in Armour
  4020 | D:5      | Entered Level 5 of the Dungeon
  4020 | D:5      | Noticed Pikel
  4219 | D:5      | Killed Pikel
  4220 | D:5      | Reached skill level 9 in Axes
  4220 | D:5      | Reached XP level 8. HP: 38/70 MP: 8/8
  4291 | D:5      | Reached * piety under Beogh
  4371 | D:5      | Found a sparkling altar of Nemelex Xobeh.
  4663 | D:5      | Found a burning altar of Makhleb.
  4783 | D:5      | Found a white marble altar of Elyvilon.
  4928 | D:5      | Found a radiant altar of Vehumet.
  4930 | D:5      | Found a hazy altar of Hepliaklqana.
  5111 | D:6      | Reached skill level 10 in Axes
  5278 | D:6      | Found an ornate altar of the Wu Jian Council.
  5329 | D:6      | Reached XP level 9. HP: 75/75 MP: 9/9
  5400 | D:6      | Found a staircase to the Ecumenical Temple.
  5535 | D:6      | Found a glowing golden altar of the Shining One.
  5757 | D:7      | Noticed Menkaure
  6094 | D:7      | Killed Menkaure
  6120 | D:7      | Reached ** piety under Beogh
  6183 | D:7      | Reached skill level 11 in Axes
  6808 | D:7      | Got a brightly glowing dagger
  6859 | D:7      | Identified the +2 dagger "Ojosiujy" {pain, *Noise Will+
                  | SInv} (You found it on level 7 of the Dungeon)
  6945 | D:8      | Noticed a two-headed ogre
  6958 | D:8      | Killed a two-headed ogre
  6959 | D:8      | Reached skill level 12 in Axes
  7319 | D:8      | Found a snail-covered altar of Cheibriados.
  7342 | D:8      | Reached XP level 10. HP: 84/86 MP: 10/10
  7541 | D:8      | Reached *** piety under Beogh
  7554 | D:8      | Noticed Grum
  7844 | D:8      | Killed Grum
  8077 | D:8      | Noticed Joseph
  8094 | D:8      | Killed Joseph
  8796 | D:8      | Found a staircase to the Lair.
  9211 | D:9      | Noticed a skeletal warrior
  9215 | D:9      | Noticed a skeletal warrior
  9216 | D:9      | Noticed a skeletal warrior
  9216 | D:9      | Noticed a skeletal warrior
  9226 | D:9      | Killed a skeletal warrior
  9227 | D:9      | Reached skill level 13 in Axes
  9517 | D:8      | Killed a skeletal warrior
  9518 | D:8      | Reached XP level 11. HP: 27/95 MP: 11/11
  9843 | D:8      | Killed a skeletal warrior
  9879 | D:9      | Killed a skeletal warrior
 10019 | D:9      | Noticed a skeletal warrior
 10035 | D:9      | Killed a skeletal warrior
 10036 | D:9      | Reached skill level 10 in Armour
 10038 | D:9      | Noticed Psyche
 10256 | D:9      | Reached skill level 14 in Axes
 10417 | D:9      | Killed Psyche
 10417 | D:9      | Reached **** piety under Beogh
 10808 | D:10     | Entered Level 10 of the Dungeon
 12095 | D:11     | Gained Orik as an ally
 12225 | D:11     | Reached ***** piety under Beogh
 12320 | D:11     | Reached XP level 12. HP: 106/106 MP: 12/12
 12320 | D:11     | Noticed a boulder beetle
 12321 | D:11     | Found a staircase to the Orcish Mines.
 12336 | D:11     | Reached skill level 10 in Shields
 12345 | D:11     | Reached skill level 15 in Axes
 12354 | D:11     | Killed a boulder beetle
 12359 | D:11     | Reached skill level 10 in Fighting
 13214 | D:12     | Noticed a boulder beetle
 13231 | D:12     | Killed a boulder beetle
 13375 | D:12     | Noticed a two-headed ogre
 13376 | D:12     | Your ally Orik died
 13390 | D:12     | Killed a two-headed ogre
 13638 | D:12     | Noticed Erica
 13639 | D:12     | Noticed a deep elf knight
 13655 | D:12     | Killed a deep elf knight
 13656 | D:12     | Reached skill level 16 in Axes
 13673 | D:12     | Killed Erica
 13673 | D:12     | Gained Boldo as an ally
 14020 | D:12     | Your ally Boldo died
 14175 | Lair:1   | Entered Level 1 of the Lair of Beasts
 14327 | Lair:1   | Reached XP level 13. HP: 101/115 MP: 13/13
 14369 | Lair:1   | Reached skill level 1 in Long Blades
 14699 | Lair:1   | Noticed Sonja
 14728 | Lair:1   | Cast into level 2 of the Abyss (Sonja)
 14926 | Abyss:2  | Found a corrupted altar of Lugonu.
 15005 | Abyss:2  | HP: 5/116 [raiju/living lightning (6)]
 15006 | Abyss:2  | Incinerated by a smoke demon

Illustrated notes

Levels and vault maps discovered:
D:1:      dpeg_arrival_central, layout_basic
D:2:      layout_loops_cross, minmay_overflow_temple_star_quad,
          minmay_crystal_water, st_stairs_14, minmay_misc_feat_tiny
D:3:      layout_loops_ring, bloody_trog, kennysheep_okawaru_gauntlet,
          minmay_misc_feat_cross, skrybe_limestone_x, uniq_jessica,
          uniq_sigmund, uniq_ijyb
D:4:      layout_basic, marbit_many_paths, minmay_fractal_squares_diagonal_5,
          uniq_robin
D:5:      layout_cave_pools, lemuel_doored_altar,
          nemelex_xobeh_ov_fountains_minmay, makhleb_heckhound_becter,
          minitemple, uniq_pikel
D:6:      layout_cave_pools, nicolae_tso_besieged_by_evil,
          minmay_temple_entry_fiery, basic_altar
D:7:      corexii_shantytown, layout_rooms, uniq_menkaure
D:8:      layout_loops_ring, cheibriados_altar_2, erik_lair_dragon, uniq_grum,
          uniq_joseph
D:9:      layout_basic, uniq_psyche
D:10:     layout_roguey
D:11:     layout_loops_ring, david_orc_3
D:12:     layout_roguey [special_room_bee], sword_in_stone
Lair:1:   layout_layer_cave, grunt_megastairs_3, serial_bayou_shore_a,
          uniq_sonja, uniq_erica
Abyss:2:  base:
D:14

Skill      XL: |  1  2  3  4  5  6  7  8  9 10 11 12 13 |
---------------+----------------------------------------+-----
Axes           | 3 4 5 6 9 10 12 13 14 16 | 16.6
Fighting       | 4 5 6 7 8 9 10 11 | 11.4
Armour         | 4 5 7 9 10 11 12 | 12.2
Shields        | 4 5 6 7 8 9 11 | 11.8
Long Blades    | 3 |  3.8

Action                   |  1- 3 |  4- 6 |  7- 9 | 10-12 | 13-15 || total
-------------------------+-------+-------+-------+-------+-------++-------
Melee: War axe           |   130 |   110 |   456 |   589 |    85 ||  1370
       Scimitar          |       |       |       |       |    14 ||    14
Invok: Convert to Beogh  |       |     1 |       |       |       ||     1
  Use: Potion            |       |     2 |       |     9 |     2 ||    13
       Scroll            |       |    11 |    13 |     6 |       ||    30
 Stab: Distracted        |       |       |       |     4 |       ||     4
       Invisible         |       |       |       |     6 |       ||     6
Armor: Scale mail        |    60 |    15 |       |       |       ||    75
       Chain mail        |       |    29 |   209 |    79 |       ||   317
       Plate armour      |       |       |       |   136 |    44 ||   180
       Skin              |       |       |       |    23 |       ||    23
Dodge: Dodged            |    48 |    21 |    85 |   145 |    25 ||   324
       Repelled          |       |       |     4 |     1 |     5 ||    10
Block: Kite shield       |    56 |    72 |   245 |   313 |    63 ||   749
       Rpst.: Scimitar   |       |       |       |       |     5 ||     5
